 Dungeon Crawl Stone Soup version 0.27-a0-242-ge0fc76b88b (webtiles) character file.

Game seed: 10921739042705155423

344537 sanka the Ninja (level 21, -13/106 (117) HPs)
             Began as a Spriggan Enchanter on Feb 1, 2021.
             Was the Champion of Ru.
             Hit by a large rock thrown by a stone giant (40 damage)
             ... on level 1 of the Depths on Feb 2, 2021.
             The game lasted 02:54:52 (73215 turns).

sanka the Ninja (Spriggan Enchanter)               Turns: 73215, Time: 02:54:52

HP:   -13/106 (117) AC:  4    Str:  8    XL:     21   Next: 15%
MP:   32/32         EV: 37    Int: 17    God:    Ru [******]
Gold: 1106          SH: 17    Dex: 22    Spells: 10/40 levels left

rFire    + . .     SeeInvis +   a - +2 dagger (elec)
rCold    + . .     Faith    .   R - +3 warlock's mirror {reflect}
rNeg     + . .     Spirit   .   U - +2 robe {Archmagi}
rPois    .         Reflect  +   (helmet restricted)
rElec    +         Harm     .   k - scarf {rC+ rF+}
rCorr    +         Rampage  .   (gloves unavailable)
Will     +++..                  (boots unavailable)
Stlth    ++++++++++             I - amulet "Zuifor Ytia" {Reflect rElec Str+4 Int-4 Slay+6 SH+5}
HPRegen  0.27/turn              O - ring of resist corrosion
MPRegen  0.23/turn              l - ring of positive energy

@: studying Translocations, drained, very quick
A: very small, unfitting armour, talons 1, see invisible, speed 3, low mp 1,
wild magic 2, inability to use devices, no air magic, no conjurations magic, no
transmutations magic, inexperienced 1
}: 2/15 runes: serpentine, barnacled
a: Renounce Religion, Draw Out Power, Power Leap, Apocalypse


You were on level 1 of the Depths.
You worshipped Ru.
Ru was exalted by your worship.
You visited 8 branches of the dungeon, and saw 37 of its levels.
You also visited: Ossuary.

You collected 4320 gold pieces.
You spent 3214 gold pieces at shops.


Innate Abilities, Weirdness & Mutations

You are very small and have problems with some larger weapons.
You are too small for most types of armour.
You have supernaturally acute eyesight. (SInv)
You cover ground extremely quickly.
Your magical capacity is low. (-10% MP)
You cannot study or use magical devices.
You cannot study or cast Air magic.
You cannot study or cast Conjurations magic.
You cannot study or cast Transmutations magic.
You are somewhat inexperienced. (-2 XL)
You have sharp toenails.
Your spells are harder to cast, but more powerful.


   Skills:
 + Level 15.0 Fighting
 - Level 8.0 Short Blades
 + Level 20.0 Dodging
 O Level 27 Stealth
 - Level 7.2 Shields
 - Level 10.0 Spellcasting
 - Level 20.0 Hexes
 - Level 6.0 Summonings
 - Level 12.0 Translocations


You had 10 spell levels left.
You knew the following spells:

 Your Spells              Type           Power        Failure   Level
b - Blink                 Tloc           N/A          1%          2
c - Tukima's Dance        Hex            100%         1%          3
j - Invisibility          Hex            100%         2%          6
v - Summon Mana Viper     Hex/Summ       91%          4%          5
w - Passage of Golubria   Tloc           N/A          3%          4
x - Confusing Touch       Hex            100%         1%          3
z - Ensorcelled Hibernat  Hex/Ice        100%         1%          2
Q - Cause Fear            Hex            55%          1%          4
Z - Corona                Hex            100%         1%          1

Your spell library contained the following spells:

 Spells                   Type           Power        Failure   Level
 Slow                     Hex            100%         1%          2
 Summon Guardian Golem    Hex/Summ       91%          1%          3
 Inner Flame              Hex/Fire       80%          2%          3
 Summon Small Mammal      Summ           100%         3%          1
 Call Imp                 Summ           62%          4%          2
 Leda's Liquefaction      Hex/Erth       40%          4%          4
 Animate Skeleton         Necr           40%          19%         1
 Freeze                   Ice            80%          19%         1
 Pain                     Necr           80%          19%         1
 Sublimation of Blood     Necr           10%          26%         2
 Discord                  Hex            55%          30%         8
 Animate Armour           Summ/Erth      88%          41%         4
 Summon Ice Beast         Ice/Summ       44%          41%         4
 Frozen Ramparts          Ice            40%          43%         3
 Ozocubu's Armour         Ice            20%          43%         3
 Vampiric Draining        Necr           10%          43%         3
 Animate Dead             Necr           10%          78%         4
 Olgreb's Toxic Radiance  Pois           20%          78%         4
 Agony                    Necr           20%          98%         5
 Borgnjor's Vile Clutch   Necr/Erth      10%          98%         5
 Lee's Rapid Deconstruct  Erth           10%          98%         5
 Death Channel            Necr           10%          100%        6
 Simulacrum               Ice/Necr       10%          100%        6
 Borgnjor's Revivificati  Necr           10%          100%        8
 Ignition                 Fire           10%          100%        8
 Infestation              Necr           10%          100%        8
 Death's Door             Necr           10%          100%        9
 Shatter                  Erth           10%          100%        9
 Dazzling Flash           Conj/Hex       Unusable     N/A         3
 Silence                  Hex/Air        Unusable     N/A         5
 Yara's Violent Unravell  Hex/Tmut       Unusable     N/A         5
 Foxfire                  Conj/Fire      Unusable     N/A         1
 Magic Dart               Conj           Unusable     N/A         1
 Shock                    Conj/Air       Unusable     N/A         1
 Sting                    Tmut/Pois      Unusable     N/A         1
 Passwall                 Tmut/Erth      Unusable     N/A         2
 Poisonous Vapours        Pois/Air       Unusable     N/A         2
 Swiftness                Air            Unusable     N/A         2
 Summon Lightning Spire   Summ/Air       Unusable     N/A         4
 Conjure Flame            Conj/Fire      Unusable     N/A         3
 Ignite Poison            Fire/Tmut/Pois Unusable     N/A         3
 Mephitic Cloud           Conj/Pois/Air  Unusable     N/A         3
 Static Discharge         Conj/Air       Unusable     N/A         3
 Airstrike                Air            Unusable     N/A         4
 Hailstorm                Conj/Ice       Unusable     N/A         4
 Petrify                  Tmut/Erth      Unusable     N/A         4
 Sticky Flame             Conj/Fire      Unusable     N/A         4
 Alistair's Intoxication  Tmut/Pois      Unusable     N/A         5
 Bolt of Magma            Conj/Fire/Erth Unusable     N/A         5
 Fireball                 Conj/Fire      Unusable     N/A         5
 Irradiate                Conj/Tmut      Unusable     N/A         5
 Lightning Bolt           Conj/Air       Unusable     N/A         5
 Conjure Ball Lightning   Conj/Air       Unusable     N/A         6
 Eringya's Noxious Bog    Tmut/Pois      Unusable     N/A         6
 Iron Shot                Conj/Erth      Unusable     N/A         6
 Statue Form              Tmut/Erth      Unusable     N/A         6
 Necromutation            Tmut/Necr      Unusable     N/A         8
 Tornado                  Air            Unusable     N/A         9

Inventory:

Hand Weapons
 a - a +2 dagger of electrocution (weapon)
 N - a +2 rapier of speed
Missiles
 u - 21 throwing nets {=f}
 J - 7 curare-tipped darts {=f}
Armour
 k - a scarf of resistance (worn)
 P - a +2 robe of resistance
 R - the +3 warlock's mirror (worn) {reflect}
 U - a +2 robe of the Archmagi (worn)
Jewellery
 h - an uncursed ring of ice
 l - a ring of positive energy (right hand)
 D - an uncursed ring of fire
 I - the amulet "Zuifor Ytia" (around neck) {Reflect rElec Str+4 Int-4 Slay+6 SH+5}

   [amulet of reflection]

   It shields you and reflects attacks.
   It affects your strength (+4).
   It affects your intelligence (-4).
   It affects your accuracy and damage with ranged weapons and melee attacks
   (+6).
   It insulates you from electricity.
   It affects your SH (+5).
 K - an uncursed ring of willpower
 M - the ring of Yxee {*Tele rC+ Stlth+}

   [ring of teleportation]

   It may teleport you next to monsters.
   It protects you from cold.
   It makes you more stealthy.
 O - a ring of resist corrosion (left hand)
 T - an uncursed ring of protection from fire
Scrolls
 b - 7 scrolls of fog
 e - 15 scrolls of remove curse
 f - 14 scrolls of teleportation {@r4}
 i - 28 scrolls of identify {@r1}
 j - 7 scrolls of magic mapping
 n - 5 scrolls of fear
 q - 12 scrolls of enchant weapon
 w - 4 scrolls of blinking
 x - 2 scrolls of enchant armour
 y - 2 scrolls of brand weapon
 E - 2 scrolls of vulnerability {!r}
 G - 5 scrolls of amnesia
 L - a scroll of immolation {!r}
 Q - 4 scrolls of torment {!r}
 V - a scroll of summoning
Potions
 c - 6 potions of brilliance
 d - 2 potions of heal wounds {@q2}
 g - 5 potions of might
 p - 8 potions of haste {@q3}
 t - 6 potions of attraction {!q}
 z - 8 potions of curing {@q1}
 A - 5 potions of lignification {!q}
 B - a potion of berserk rage {!q}
 C - 4 potions of magic
 F - 4 potions of mutation {!q}
 H - 10 potions of ambrosia

Dungeon Overview and Level Annotations

Branches:
Dungeon (15/15)            Temple (1/1) D:4            Lair (6/6) D:11
 Shoals (4/4) Lair:4        Snake (4/4) Lair:3        Slime (0/5) Lair:6
    Orc (2/2) D:11            Elf (0/3) Orc:2        Vaults (4/5) D:13
  Crypt (0/3) Vaults:3     Depths (1/5) D:15        Ossuary (visited)

Altars:
Ashenzari
Cheibriados
Dithmenos
Elyvilon
Fedhas
Gozag
Hepliaklqana
Kikubaaqudgha
Makhleb
Nemelex Xobeh
Okawaru
Qazlal
Ru
Sif Muna
Trog
Uskayaw
Vehumet
Wu Jian
Xom
Yredelemnul
Zin
The Shining One
Beogh
Jiyva

Shops:
D:14 =   D:15 (   Orc:1 !   Orc:2 [:**   Snake:1 ==}   Vaults:1 =   Vaults:2 =

Portals:
Abyss: Lair:5
Pandemonium: Orc:2

▒.)≈..▒...▒▒
+.≈♣≈.'....▒▒▒ ..
▒..≈?.▒......▒▒▒
...▒...C.▒.........
...▒▒▒'▒▒▒.........
....≈≈.C.(.)........
....≈≈C..D..........
....(....C.#C.......
.........i...(......
....................
.£.........R..≈.....
.........L[..≈≈≈....
.≈......[...≈≈≈....
.≈..........≈≈≈..▒
≈≈......≈≈≈≈.....▒
≈≈............▒▒▒▒
≈≈..........▒▒▒


You could see a frost giant, an ice dragon (catching breath), 2 stone giants, a
lich (invisible), an ettin and a rakshasa.


Message History

The bolt hits the yaktaur!
The stone giant throws a large rock.
The large rock hits you!
The yaktaur is stunned by your conviction and fails to attack.
An ettin and a lich come into view.
The lich shouts!
The lich points at itself and mumbles some strange words.
The lich flickers and vanishes for a moment.
The stone giant hits you!!
* * * LOW HITPOINT WARNING * * *
You focus your inner power and slow the stone giant in retribution!
The rakshasa blinks!
You redirect the yaktaur's attack!
The yaktaur shoots a bolt.
The bolt hits the yaktaur!!
The yaktaur dies!
The stone giant throws a large rock.
You reflect the large rock off your +3 warlock's mirror {reflect}!
The large rock hits the stone giant!
You redirect the ice dragon's attack!
The ice dragon breathes frost at the stone giant.
The blast of cold hits the stone giant!!!
The frost giant hits you with a +2 battleaxe of freezing!!!
* * * LOW HITPOINT WARNING * * *
The frost giant freezes you!
* * * LOW HITPOINT WARNING * * *
The ettin shouts in stereo!
The stone giant throws a large rock.
The large rock hits you!!!
You die...

Action                   |  1- 3 |  4- 6 |  7- 9 | 10-12 | 13-15 | 16-18 | 19-21 || total
-------------------------+-------+-------+-------+-------+-------+-------+-------++-------
Melee: Dagger            |   121 |   248 |   383 |   585 |   790 |  1303 |   822 ||  4252
       Kick              |       |     3 |    85 |   138 |   196 |   386 |   277 ||  1085
 Cast: Ensorcelled Hiber |    37 |    55 |    61 |   149 |   331 |   264 |   262 ||  1159
       Confusing Touch   |     1 |     6 |    32 |    46 |    57 |   109 |    56 ||   307
       Tukima's Dance    |       |       |       |     2 |       |       |       ||     2
       Corona            |       |       |       |       |     1 |       |       ||     1
       Invisibility      |       |       |       |       |       |    15 |    16 ||    31
       Summon Mana Viper |       |       |       |       |       |    12 |     2 ||    14
       Blink             |       |       |       |       |       |       |     1 ||     1
Invok: Sacrifice Experie |       |     1 |       |       |       |       |       ||     1
       Sacrifice Artific |       |       |     1 |       |       |       |       ||     1
       Sacrifice Arcana  |       |       |       |     1 |       |       |       ||     1
       Sacrifice Essence |       |       |       |     1 |       |       |       ||     1
       Apocalypse        |       |       |       |       |       |     4 |     5 ||     9
  Use: Scroll            |       |     2 |    14 |     3 |     9 |     3 |     3 ||    34
       Potion            |       |       |     7 |       |     2 |     3 |     3 ||    15
 Stab: Sleeping          |    21 |    39 |    58 |   104 |   191 |   218 |   159 ||   790
       Distracted        |     1 |       |     4 |    11 |    15 |    19 |    12 ||    62
       Confused          |       |     8 |    38 |    48 |    55 |   123 |    54 ||   326
       Paralysed         |       |       |     1 |    15 |     2 |     4 |     3 ||    25
       Invisible         |       |       |       |     8 |    15 |    79 |    98 ||   200
       Petrifying        |       |       |       |       |     2 |       |       ||     2
       Petrified         |       |       |       |       |     1 |       |       ||     1
Armor: Robe              |    12 |    26 |    22 |    23 |     6 |    11 |     6 ||   106
       Troll leather arm |       |       |       |       |    10 |     6 |       ||    16
Dodge: Dodged            |   113 |   172 |   211 |   354 |   520 |   589 |   422 ||  2381
Block: Buckler           |       |       |       |       |   269 |   485 |   538 ||  1292
       Reflection        |       |       |       |       |    11 |   108 |    65 ||   184

Levels and vault maps discovered:
D:1:      minmay_arrival_open_corners, layout_rooms, minmay_misc_feat_alley,
          grunt_decor_fettered
D:2:      layout_basic, general_overflow_altar, patterned_corridor,
          uniq_crazy_yiuf_cottage, uniq_sigmund
D:3:      layout_loops_corners, chequers_temple_overflow_minitemple
D:4:      layout_basic, lemuel_coloured_pillars_altar,
          minmay_temple_entry_ruins, enter_ossuary_4, eino_curves_02,
          uniq_menkaure
D:5:      layout_loops_ring, lemuel_doored_altar
D:6:      layout_basic, gammafunk_ghost_icy
D:7:      layout_loops_cross, uniq_harold
D:8:      layout_cave_pools, special_room [special_room_orc],
          fedhas_bush_and_centaur_altar
D:9:      hangedman_cross_stitches, layout_irregular_city, lemuel_oklob_altar,
          uniq_erica
D:10:     layout_basic, special_room [special_room_orc], xom_redecorated
D:11:     layout_basic, david_lair_generic, erik_orc_2
D:12:     layout_gridville
D:13:     layout_cave_pools, david_vaults_2, serial_bayou, serial_bayou_pond_d,
          serial_bayou_pond_b, serial_bayou_crossing, serial_bayou_pond_a
D:14:     minmay_guarded_unrand_sword_of_power, layout_basic, serial_shops,
          shop_statue, grunt_dithmenos_shadows, david_defended_altar_elf
D:15:     hangedman_depths_entry_civil_slaughter, layout_stronghold,
          serial_shops, nicolae_shop_statue_plus, uniq_azrael
Temple:   compressed_dpeg_circular_temple
Lair:1:   layout_concentric_octagons, gammafunk_ghost_icy, serial_bayou_pond_d,
          minmay_holes, hangedman_lair_generics_rect
Lair:2:   layout_hall_layers
Lair:3:   layout_regular_city, guppyfry_snake_entry_garden
Lair:4:   layout_big_grid, minmay_shoals_entry_hut
Lair:5:   layout_small_grid, basic_altar, gammafunk_ghost_abyssal_escape,
          minmay_lindwurm_lava, uniq_urug
Lair:6:   grunt_lair_end_beastmaster, layout_concentric_octagons, slime_altar_1,
          special_room [special_room_bee]
Shoals:1: layout_shoals
Shoals:2: layout_shoals, uniq_ilsuiw
Shoals:3: layout_shoals, uniq_kirke
Shoals:4: shoals_end_grunt_ice, layout_shoals, uniq_roxanne, uniq_louise,
          uniq_polyphemus
Snake:1:  layout_concentric_octagons, minmay_shop_grove
Snake:2:  nicolae_snakescales, layout_cave_town, serial_bayou_shore_a
Snake:3:  layout_cave_town, serial_bayou_shore_b, uniq_vashnia, uniq_agnes,
          uniq_bai_suzhen, uniq_donald
Snake:4:  snake_pit, layout_gridlike, grunt_ministairs_2
Orc:1:    layout_caves, serial_shops, shop, uniq_sonja
Orc:2:    pf_orc_diabolical, layout_caves, uniq_josephine, uniq_snorg
Vaults:1: ontoclasm_vaults_gallery, hangedman_vaults_pinch,
          nicolae_vaults_triangles, grunt_vaults_funnel, v_misc_8,
          vaults_room_hallway, v_misc_4, vaults_room_grid,
          nicolae_vaults_little_squares_5, vaults_room_mumra_shop_pool,
          layout_vaults_chaotic_city
Vaults:2: v_alt_pattern_6, v_rooms_5, v_pattern_5, v_alt_pattern_6,
          vaults_room_hallway, vaults_standard_mumra_x, layout_vaults_omnigrid,
          serial_shops, nicolae_shop_crystal
Vaults:3: v_misc_33, nicolae_vaults_network_barrier,
          minmay_crypt_entry_simple_walls, vaults_mumra_minichess, v_misc_9,
          nicolae_vaults_windows_and_doors_thing, v_misc_15,
          nicolae_vaults_shelves_hall, v_misc_27, ontoclasm_vaults_hangar,
          grunt_vaults_focal, v_misc_25, layout_vaults_omnicross, uniq_frederick
Vaults:4: hangedman_vaults_corner_blocks, vaults_room_semicircle, v_misc_18,
          grunt_vaults_trifunnel, v_misc_1, serial_ice_h, vaults_dpeg_ring,
          vaults_room_boxed, hangedman_vaults_cutoff, v_rooms_2,
          ontoclasm_vaults_shuriken, layout_vaults_maze_bifur, uniq_aizul,
          uniq_jory
Depths:1: layout_cave_pools, kennysheep_pointless_box, mu_enter_wizlab_1,
          hangedman_geh_valley, kennysheep_generic_room_13

Notes
Turn   | Place    | Note
-------+----------+-------------------------------------------
     0 | D:1      | sanka the Spriggan Enchanter began the quest for the Orb.
     0 | D:1      | Reached XP level 1. HP: 9/9 MP: 5/5
    83 | D:1      | Reached skill level 5 in Stealth
   152 | D:1      | Reached XP level 2. HP: 11/13 MP: 6/6
   559 | D:2      | Learned a level 2 spell: Ensorcelled Hibernation
   759 | D:1      | Reached skill level 6 in Stealth
  1348 | D:1      | Reached XP level 3. HP: 16/16 MP: 4/8
  1424 | D:1      | Learned a level 3 spell: Confusing Touch
  2053 | D:2      | Found a stormy altar of Qazlal.
  2138 | D:2      | Found a runed translucent door.
  2139 | D:2      | Noticed Crazy Yiuf
  2582 | D:2      | Noticed Sigmund
  2629 | D:2      | Killed Sigmund
  2630 | D:2      | Reached skill level 8 in Stealth
  2630 | D:2      | Reached skill level 3 in Short Blades
  2630 | D:2      | Reached XP level 4. HP: 4/21 MP: 2/9
  2630 | D:2      | Reached XP level 5. HP: 4/24 MP: 2/10
  3409 | D:2      | Killed Crazy Yiuf
  3410 | D:2      | Reached skill level 4 in Short Blades
  4342 | D:3      | Found a faded altar of an unknown god.
  4342 | D:3      | Found a hazy altar of Hepliaklqana.
  4349 | D:3      | Found a shadowy altar of Dithmenos.
  4351 | D:3      | Found an ancient bone altar of Kikubaaqudgha.
  4353 | D:3      | Found a faded altar of an unknown god.
  4802 | D:4      | Noticed Menkaure
  4829 | D:4      | Killed Menkaure
  4830 | D:4      | Reached skill level 5 in Short Blades
  4830 | D:4      | Reached skill level 4 in Dodging
  4830 | D:4      | Reached XP level 6. HP: 10/28 MP: 11/11
  4924 | D:4      | Reached skill level 5 in Dodging
  4930 | D:4      | Found a staircase to the Ecumenical Temple.
  4938 | Temple   | Entered the Ecumenical Temple
  4976 | Temple   | Became a worshipper of Ru the Awakened
  5026 | D:4      | Reached skill level 6 in Dodging
  5027 | D:4      | Found a sand-covered staircase.
  5171 | Ossuary  | Entered an ossuary
  5679 | Ossuary  | Reached XP level 7. HP: 30/32 MP: 12/12
  5716 | Ossuary  | Reached skill level 3 in Spellcasting
  5716 | Ossuary  | Reached skill level 4 in Hexes
  5719 | Ossuary  | HP: 1/32 [human zombie (6)]
  5732 | Ossuary  | HP: 1/32 [human zombie (4)]
  5734 | Ossuary  | Gained mutation: You have sharp toenails. [potion of
                  | mutation]
  5734 | Ossuary  | Gained mutation: Your spells are a little harder to cast,
                  | but a little more powerful. [potion of mutation]
  5734 | Ossuary  | Gained mutation: Your spells are harder to cast, but more
                  | powerful. [potion of mutation]
  6196 | Ossuary  | Reached skill level 5 in Hexes
  7132 | D:4      | Found a bloodstained altar of Trog.
  7204 | D:5      | Entered Level 5 of the Dungeon
  7207 | D:5      | Reached skill level 6 in Hexes
  7390 | D:5      | Reached skill level 7 in Hexes
  7496 | D:5      | Gained mutation: You are somewhat inexperienced. (-2 XL)
                  | [Ru sacrifice]
  7496 | D:5      | Reached XP level 6. HP: 28/28 MP: 20/20
  7496 | D:5      | Reached XP level 5. HP: 24/24 MP: 19/19
  7496 | D:5      | Reached * piety under Ru
  7496 | D:5      | Reached ** piety under Ru
  7557 | D:5      | Found a basalt altar of Yredelemnul.
  7575 | D:5      | Reached XP level 6. HP: 20/28 MP: 9/11
  8456 | D:6      | Noticed an ice beast
  8464 | D:6      | Killed an ice beast
  8465 | D:6      | Reached skill level 1 in Fighting
  8561 | D:6      | Found a runed translucent gate.
  8562 | D:6      | Found a runed translucent gate.
  8617 | D:6      | Found a runed translucent gate.
  8705 | D:6      | Reached skill level 7 in Dodging
  8705 | D:6      | Reached skill level 8 in Hexes
  8705 | D:6      | Reached XP level 7. HP: 18/33 MP: 7/12
  8967 | D:6      | Reached skill level 2 in Fighting
  9021 | D:6      | Reached skill level 8 in Dodging
  9184 | D:6      | Reached skill level 3 in Fighting
  9203 | D:6      | Learned a level 3 spell: Tukima's Dance
  9207 | D:6      | Learned a level 3 spell: Dazzling Flash
  9234 | D:6      | Noticed ThereIsNoGod's ghost (novice GnWn)
  9777 | D:6      | Killed ThereIsNoGod's ghost
  9778 | D:6      | Reached skill level 6 in Short Blades
  9778 | D:6      | Reached skill level 9 in Stealth
  9778 | D:6      | Reached XP level 8. HP: 40/40 MP: 13/13
 10119 | D:7      | Reached skill level 10 in Stealth
 10418 | D:7      | Reached skill level 7 in Short Blades
 10427 | D:7      | Noticed Harold
 10467 | D:7      | Killed Harold
 10468 | D:7      | Reached skill level 8 in Short Blades
 10468 | D:7      | Reached skill level 12 in Stealth
 10468 | D:7      | Reached XP level 9. HP: 37/44 MP: 14/14
 10693 | D:7      | Gained mutation: You cannot study or use magical devices.
                  | [Ru sacrifice]
 10693 | D:7      | Reached *** piety under Ru
 10693 | D:7      | Reached **** piety under Ru
 10693 | D:7      | Reached ***** piety under Ru
 11404 | D:8      | Found a blossoming altar of Fedhas.
 11799 | D:8      | Reached skill level 9 in Dodging
 12124 | D:7      | Reached skill level 4 in Fighting
 12153 | D:8      | Reached skill level 9 in Hexes
 12431 | D:8      | Reached XP level 10. HP: 50/50 MP: 15/15
 12718 | D:9      | Noticed a manticore
 12720 | D:9      | Killed a manticore
 12735 | D:9      | Reached skill level 10 in Dodging
 13157 | D:9      | Gained mutation: You cannot study or cast Air magic. [Ru
                  | sacrifice]
 13157 | D:9      | Gained mutation: You cannot study or cast Transmutations
                  | magic. [Ru sacrifice]
 13157 | D:9      | Gained mutation: You cannot study or cast Conjurations
                  | magic. [Ru sacrifice]
 13264 | D:9      | Reached skill level 5 in Fighting
 13334 | D:9      | Found a basalt altar of Yredelemnul.
 13334 | D:9      | Noticed an oklob plant
 13348 | D:9      | Killed an oklob plant
 13349 | D:9      | Reached skill level 10 in Hexes
 13429 | D:9      | Noticed Erica
 13457 | D:9      | Killed Erica
 13458 | D:9      | Reached skill level 11 in Dodging
 13554 | D:10     | Entered Level 10 of the Dungeon
 13561 | D:10     | Noticed a gargoyle
 13570 | D:10     | Killed a gargoyle
 13750 | D:10     | Found a shimmering altar of Xom.
 13762 | D:10     | Found a shimmering altar of Xom.
 13762 | D:10     | Found a shimmering altar of Xom.
 13763 | D:10     | Found a shimmering altar of Xom.
 13765 | D:10     | Found a shimmering altar of Xom.
 13765 | D:10     | Found a shimmering altar of Xom.
 13800 | D:10     | Reached skill level 6 in Fighting
 13923 | D:10     | Reached skill level 12 in Dodging
 13956 | D:10     | Reached XP level 11. HP: 45/56 MP: 6/16
 14559 | D:10     | Found a roughly hewn altar of Beogh.
 14608 | D:10     | Reached skill level 13 in Stealth
 14810 | D:11     | Found a staircase to the Lair.
 14965 | D:11     | Reached skill level 14 in Stealth
 15266 | D:11     | Reached skill level 15 in Stealth
 15502 | D:11     | Gained mutation: Your magical capacity is low. (-10% MP)
                  | [Ru sacrifice]
 15502 | D:11     | Reached ****** piety under Ru
 15841 | D:11     | Noticed an unseen horror
 15872 | D:11     | Killed an unseen horror
 16047 | D:11     | Reached skill level 16 in Stealth
 16416 | D:11     | Noticed a boulder beetle
 16455 | D:11     | Killed a boulder beetle
 16876 | D:11     | Noticed a five-headed hydra
 16965 | D:11     | Killed a five-headed hydra
 17141 | D:11     | Found a staircase to the Orcish Mines.
 17248 | Lair:1   | Entered Level 1 of the Lair of Beasts
 17253 | Lair:1   | Noticed a death yak
 17254 | Lair:1   | Noticed a death yak
 17295 | D:11     | Killed a death yak
 17392 | Lair:1   | Noticed a death yak
 17392 | Lair:1   | Noticed a death yak
 17405 | Lair:1   | Noticed a death yak
 17406 | Lair:1   | Noticed a death yak
 17435 | D:11     | Killed a death yak
 17498 | D:11     | Killed a death yak
 17499 | D:11     | Reached skill level 13 in Dodging
 17499 | D:11     | Reached XP level 12. HP: 35/62 MP: 15/15
 17946 | D:11     | Killed a death yak
 17947 | D:11     | Reached skill level 7 in Fighting
 17947 | D:11     | Reached skill level 17 in Stealth
 18165 | D:11     | Killed a death yak
 18375 | D:11     | Killed a death yak
 18604 | Lair:1   | Found a runed translucent gate.
 18604 | Lair:1   | Found a runed translucent gate.
 18605 | Lair:1   | Found a runed translucent gate.
 18771 | Lair:1   | Noticed a six-headed hydra
 19234 | Lair:1   | Killed a six-headed hydra
 19235 | Lair:1   | Reached skill level 14 in Dodging
 19362 | Lair:1   | Noticed PeterLawrence's ghost (journeyman MiFi)
 20288 | Lair:1   | Killed PeterLawrence's ghost
 20289 | Lair:1   | Reached skill level 8 in Fighting
 20607 | Lair:1   | Reached skill level 18 in Stealth
 20661 | Lair:1   | Got the ring of Youthful Indiscretion {Fire}
 20663 | Lair:1   | Lost strength.
 20663 | Lair:1   | Identified the ring of Youthful Indiscretion {Fire rN+
                  | Str-5 Dex+3 Slay+2} (You found it on level 1 of the Lair of
                  | Beasts)
 22549 | Lair:3   | Noticed a boulder beetle
 22559 | Lair:3   | Killed a boulder beetle
 22560 | Lair:3   | Reached skill level 15 in Dodging
 22570 | Lair:3   | Reached XP level 13. HP: 68/69 MP: 6/16
 22815 | Lair:3   | Found a staircase to the Snake Pit.
 22989 | Lair:3   | Reached skill level 9 in Fighting
 23533 | Lair:4   | Reached skill level 19 in Stealth
 24721 | Lair:4   | Found a staircase to the Shoals.
 25224 | Lair:5   | Found a transporter.
 25236 | Lair:5   | Found a hide-covered altar of Uskayaw.
 25238 | Lair:5   | Found a one-way gate to the infinite horrors of the Abyss.
 25238 | Lair:5   | Noticed Retesyof's ghost (journeyman MiFi)
 25248 | Lair:5   | Noticed Urug
 25283 | Lair:5   | Reached skill level 1 in Shields
 25307 | Lair:5   | Found a transporter.
 25913 | Lair:5   | Killed Urug
 25928 | Lair:5   | Identified a potion of experience
 25929 | Lair:5   | Reached skill level 21 in Stealth
 25929 | Lair:5   | Reached XP level 14. HP: 76/76 MP: 17/17
 26035 | Lair:5   | Reached skill level 2 in Shields
 26334 | Lair:5   | Found the +3 warlock's mirror {reflect}
 26508 | Lair:6   | Entered Level 6 of the Lair of Beasts
 26513 | Lair:6   | Reached skill level 10 in Fighting
 26925 | Lair:5   | Reached skill level 3 in Shields
 27210 | Lair:5   | Reached skill level 22 in Stealth
 27272 | Lair:6   | Found a viscous altar of Jiyva.
 27273 | Lair:6   | Found a staircase to the Slime Pits.
 27939 | Lair:6   | Reached skill level 4 in Shields
 28246 | Lair:6   | Reached XP level 15. HP: 51/80 MP: 18/18
 29083 | Lair:5   | Reached skill level 5 in Shields
 30281 | Lair:6   | Reached skill level 23 in Stealth
 30375 | Lair:6   | Got a heavily runed lead ring
 30377 | Lair:6   | Identified the ring of Yxee {*Tele rC+ Stlth+} (You found
                  | it on level 6 of the Lair of Beasts)
 31062 | Lair:5   | Killed Retesyof's ghost
 31417 | Lair:5   | Got a crystal falchion
 31418 | Lair:5   | Identified the +9 falchion "Jiwn" {freeze, +Blink Str+8
                  | Int-4} (You found it on level 5 of the Lair of Beasts)
 31613 | Orc:1    | Entered Level 1 of the Orcish Mines
 31737 | Orc:1    | Found Ryqar's Distillery.
 31740 | Orc:1    | Noticed Sonja
 31771 | Orc:1    | Killed Sonja
 32019 | Orc:2    | Entered Level 2 of the Orcish Mines
 32020 | Orc:2    | Noticed Josephine
 32028 | Orc:2    | Killed Josephine
 32029 | Orc:2    | Reached skill level 24 in Stealth
 33078 | Orc:2    | Reached skill level 6 in Shields
 33128 | Orc:2    | Noticed Snorg
 33160 | Orc:2    | Killed Snorg
 33456 | Orc:2    | Found Boco's General Store.
 34481 | Orc:2    | Found Nesapn's General Store.
 34967 | Orc:2    | Found a staircase to the Elven Halls.
 35794 | Orc:2    | Reached skill level 7 in Shields
 36047 | Orc:2    | Found Fewebra's Book Emporium.
 36047 | Orc:2    | Found Natos's Antique Armour Shoppe.
 36048 | Orc:2    | Found a one-way gate leading to the halls of Pandemonium.
 36166 | Orc:2    | Bought a book of Burglary for 1125 gold pieces
 36168 | Orc:2    | Bought a smoking robe for 176 gold pieces
 36178 | Orc:2    | Identified the +0 robe of the Desolation of Salt {Dex+3
                  | Slay+2} (You bought it in a shop on level 2 of the Orcish
                  | Mines)
 36212 | Orc:2    | Bought the Guide on Supportive Fire for 945 gold pieces
 36219 | Orc:2    | Learned a level 6 spell: Invisibility
 36225 | Orc:2    | Learned a level 5 spell: Summon Mana Viper
 36225 | Orc:2    | Upgraded the game from 0.27-a0-223-ge082b6e869 to
                  | 0.27-a0-242-ge0fc76b88b
 37190 | D:13     | Reached skill level 4 in Spellcasting
 37220 | D:13     | Reached XP level 16. HP: 85/85 MP: 9/21
 37346 | D:13     | Reached skill level 11 in Hexes
 37654 | D:13     | Reached skill level 5 in Spellcasting
 37939 | D:13     | Found a gate to the Vaults.
 38251 | D:13     | Learned a level 4 spell: Cause Fear
 38453 | D:14     | Reached skill level 6 in Spellcasting
 38672 | D:14     | Found Zoklo's Jewellery Boutique.
 38698 | D:14     | Found a shadowy altar of Dithmenos.
 38707 | D:14     | Reached skill level 12 in Hexes
 38867 | D:14     | Found the +5 sword of Power {vorpal}
 39408 | D:14     | Reached skill level 13 in Hexes
 39829 | D:14     | Reached skill level 14 in Hexes
 39924 | D:14     | Found a snail-covered altar of Cheibriados.
 40112 | D:15     | Entered Level 15 of the Dungeon
 40451 | D:15     | Found Wiklo's Weapon Shoppe.
 40694 | D:15     | Reached skill level 15 in Hexes
 40750 | D:15     | Found a staircase to the Depths.
 40961 | D:15     | Noticed Azrael
 41511 | D:15     | Killed Azrael
 42223 | Snake:1  | Entered Level 1 of the Snake Pit
 42238 | Snake:1  | Reached skill level 16 in Hexes
 42352 | Snake:1  | Found Iplyw's Jewellery Shop.
 42354 | Snake:1  | Found Yklauxuj's Gadget Emporium.
 42355 | Snake:1  | Found Navi's Jewellery Shop.
 43301 | Snake:2  | Reached XP level 17. HP: 83/87 MP: 24/24
 43508 | Snake:2  | Reached skill level 17 in Hexes
 44988 | Snake:3  | Noticed Donald
 44995 | Snake:3  | Noticed Agnes
 45018 | Snake:2  | Killed Agnes
 45070 | Snake:3  | Reached skill level 18 in Hexes
 45117 | Snake:3  | Killed Donald
 45534 | Snake:3  | Noticed Vashnia
 45558 | Snake:3  | Noticed Bai Suzhen
 45669 | Snake:2  | Killed Bai Suzhen
 46809 | Snake:3  | Reached skill level 1 in Summonings
 47087 | Snake:3  | Killed Vashnia
 47327 | Snake:3  | Reached skill level 19 in Hexes
 47470 | Snake:3  | Reached skill level 2 in Summonings
 47651 | Snake:3  | Reached skill level 7 in Spellcasting
 48041 | Snake:4  | Entered Level 4 of the Snake Pit
 49263 | Snake:4  | Reached skill level 3 in Summonings
 49936 | Snake:4  | Reached skill level 8 in Spellcasting
 50536 | Snake:3  | Reached skill level 4 in Summonings
 51771 | Snake:4  | Reached XP level 18. HP: 93/93 MP: 28/28
 52161 | Snake:4  | Reached skill level 5 in Summonings
 52325 | Snake:4  | Got a serpentine rune of Zot
 53221 | Shoals:1 | Entered Level 1 of the Shoals
 53426 | Shoals:1 | Identified a +0 robe of resistance
 54241 | Shoals:1 | Reached skill level 20 in Hexes
 54507 | Shoals:1 | Reached skill level 6 in Summonings
 54630 | Shoals:1 | Reached skill level 25 in Stealth
 55611 | Snake:1  | Bought the amulet "Zuifor Ytia" {Reflect rElec Str+4 Int-4
                  | Slay+6 SH+5} for 968 gold pieces
 56019 | Shoals:2 | Identified a +2 robe of the Archmagi
 56019 | Shoals:2 | Noticed Ilsuiw
 56046 | Shoals:2 | Killed Ilsuiw
 56613 | Shoals:2 | Reached skill level 9 in Spellcasting
 57017 | Shoals:3 | Noticed Kirke
 57099 | Shoals:3 | Killed Kirke
 57100 | Shoals:3 | Reached skill level 26 in Stealth
 57440 | Shoals:4 | Entered Level 4 of the Shoals
 57440 | Shoals:4 | Noticed Roxanne
 58123 | Shoals:3 | Reached skill level 10 in Spellcasting
 58428 | Shoals:4 | HP: 1/93 [merfolk aquamancer/shard of ice (50)]
 58783 | Shoals:4 | Got a barnacled rune of Zot
 59338 | Shoals:4 | Reached skill level 27 in Stealth
 59412 | Shoals:4 | Killed Roxanne
 59512 | Shoals:4 | Noticed Polyphemus
 59524 | Shoals:4 | Noticed Louise
 59700 | Shoals:4 | Reached XP level 19. HP: 82/98 MP: 27/30
 60213 | Shoals:4 | Killed Louise
 60292 | Shoals:4 | Killed Polyphemus
 60799 | Shoals:4 | Identified a +2 robe of the Archmagi (You found it on level
                  | 4 of the Shoals)
 61059 | Vaults:1 | Entered Level 1 of the Vaults
 61114 | Vaults:1 | Reached skill level 16 in Dodging
 61427 | Vaults:1 | Got a scintillating lead ring
 62220 | Vaults:1 | Identified the +1 robe of the Enchanted Forest {*Slow rF+
                  | Dex+4 Stlth+}
 62257 | Vaults:1 | Reached skill level 11 in Fighting
 62866 | Vaults:1 | Reached skill level 17 in Dodging
 63413 | Vaults:1 | Found Otenaof's Jewellery Shoppe.
 63834 | Vaults:2 | Identified the ring of Josh {*Tele Str+3} (You found it on
                  | level 1 of the Vaults)
 64455 | Vaults:2 | Reached skill level 18 in Dodging
 64711 | Vaults:2 | Reached skill level 12 in Fighting
 65399 | Vaults:2 | Identified a scarf of resistance (You found it on level 2
                  | of the Vaults)
 65636 | Vaults:2 | Found Ynuggot's Jewellery Boutique.
 65772 | Vaults:2 | Learned a level 2 spell: Blink
 65777 | Vaults:2 | Learned a level 4 spell: Passage of Golubria
 65849 | Vaults:2 | Got a fine spear
 65850 | Vaults:2 | Identified the cursed +1 spear of the Sugar Beet {protect,
                  | *Contam Will++ Str+4 Dex-4} (You found it on level 2 of the
                  | Vaults)
 66029 | Vaults:3 | Noticed a Brimstone Fiend
 66196 | Vaults:2 | Reached skill level 1 in Translocations
 66231 | Vaults:3 | Reached skill level 2 in Translocations
 66231 | Vaults:3 | Reached XP level 20. HP: 69/107 MP: 25/31
 66533 | Vaults:3 | Reached skill level 3 in Translocations
 66666 | Vaults:3 | Reached skill level 4 in Translocations
 66746 | Vaults:3 | Found a staircase to the Crypt.
 66918 | Vaults:3 | Reached skill level 5 in Translocations
 66923 | Vaults:3 | Reached skill level 19 in Dodging
 67152 | Vaults:3 | Reached skill level 6 in Translocations
 67287 | Vaults:3 | Noticed Frederick
 67649 | Vaults:3 | Killed Frederick
 67650 | Vaults:3 | Reached skill level 7 in Translocations
 67998 | Vaults:3 | Reached skill level 8 in Translocations
 68591 | Vaults:3 | Reached skill level 13 in Fighting
 68880 | Vaults:4 | Noticed Aizul
 68884 | Vaults:4 | Killed Aizul
 68939 | Vaults:4 | Reached skill level 20 in Dodging
 69877 | Vaults:4 | Noticed Jory
 69959 | Vaults:4 | Killed Jory
 70190 | Vaults:4 | Reached skill level 14 in Fighting
 71706 | Vaults:4 | Identified +0 fire dragon scales
 71707 | Vaults:4 | Reached XP level 21. HP: 107/116 MP: 27/32
 72033 | Depths:1 | Entered Level 1 of the Depths
 72163 | Depths:1 | Reached skill level 15 in Fighting
 72163 | Depths:1 | Reached skill level 9 in Translocations
 72306 | D:15     | Reached skill level 10 in Translocations
 72837 | D:15     | Reached skill level 11 in Translocations
 73022 | D:15     | Reached skill level 12 in Translocations
 73214 | Depths:1 | HP: 10/106 [frost giant/+2 battleaxe of freezing (39)]
 73214 | Depths:1 | HP: 3/106 [frost giant/+2 battleaxe of freezing (7)]
 73215 | Depths:1 | Hit by a large rock thrown by a stone giant

Vanquished Creatures
  Bai Suzhen (Snake:2)
  Frederick (Vaults:3)
  Vashnia (Snake:3)
  Jory (Vaults:4)
  A sphinx (Vaults:3)
  2 ancient champions (Vaults:3)
  Polyphemus (Shoals:4)
  Agnes (Snake:2)
  A tengu reaver (D:14)
  Ilsuiw (Shoals:2)
  Roxanne (Shoals:4)
  Donald (Snake:3)
  6 nagarajas
  Kirke (Shoals:3)
  3 fire giants
  5 vault wardens
  Aizul (Vaults:4)
  Louise (Shoals:4)
  4 frost giants
  An orc warlord (Vaults:4)
  The ghost of Retesyof the Fighter, a journeyman MiFi of Okawaru (Lair:5)
  3 very ugly things (Vaults:4)
  11 ironheart preservers
  2 stone giants
  A vampire knight (D:15)
  Azrael (D:15)
  3 entropy weavers
  4 merfolk javelineers
  2 spark wasps (D:15)
  7 merfolk impalers
  Snorg (Orc:2)
  3 ettins (D:15)
  2 fire dragons
  The ghost of PeterLawrence the Victor of a Thousand Battles, a journeyman MiFi of Okawaru (Lair:1)
  5 yaktaur captains
  2 great orbs of eyes
  Josephine (Orc:2)
  3 ice dragons
  9 hydras
  14 naga warriors
  13 vault guards
  Harold (D:7)
  27 two-headed ogres
  14 ogre magi
  7 centaur warriors
  6 anacondas
  Erica (D:9)
  4 boulder beetles
  2 catoblepae
  2 satyrs
  2 merfolk avatars (Shoals:4)
  4 merfolk aquamancers
  A hydra (shapeshifter) (Vaults:2)
  3 tengu warriors
  20 death yaks
  5 deep troll shamans
  5 alligator snapping turtles (Shoals:4)
  A vampire mage (Depths:1)
  5 shock serpents
  3 deep troll earth magi
  A thrashing horror (Lair:5)
  3 orc high priests (Orc:2)
  Sonja (Orc:1)
  15 naga sharpshooters
  Urug (Lair:5)
  3 deep elf knights
  An iron troll (Depths:1)
  4 unseen horrors
  10 skeletal warriors
  10 sea snakes
  A glowing orange brain (Vaults:4)
  15 deep trolls
  A torturous demonspawn (Orc:2)
  An infernal demonspawn (Orc:2)
  9 ironbrand convokers
  5 deep elf archers
  A flayed ghost (D:15)
  2 gelid demonspawn (Orc:1)
  4 lindwurms (Lair:5)
  A necromancer (Vaults:4)
  4 naga ritualists
  A phantasmal warrior (Vaults:1)
  7 deep elf pyromancers
  12 orc knights
  2 deep elf zephyrmancers
  2 wizards
  8 harpies
  3 oklob plants
  11 orc sorcerers
  The ghost of ThereIsNoGod the Vexing, a novice GnWn of Makhleb (D:6)
  45 ugly things
  5 mana vipers
  4 wolf spiders
  8 cyclopes
  8 manticores
  6 salamanders
  A worldbinder (Lair:5)
  13 merfolk sirens
  12 fauns (Shoals:2)
  2 rust devils (Orc:2)
  20 naga magi
  37 black mambas
  7 elephants
  A smoke demon (Orc:1)
  A guardian serpent (Snake:3)
  13 vault sentinels
  A storm dragon simulacrum (Vaults:4)
  3 gargoyles
  7 cane toads
  An elephant (shapeshifter) (Vaults:1)
  A kobold demonologist (D:11)
  7 rime drakes
  A komodo dragon (shapeshifter) (Vaults:2)
  A cane toad (shapeshifter) (Vaults:4)
  20 yaktaurs
  2 human skeletons (Vaults:4)
  A freezing wraith (Vaults:4)
  9 komodo dragons
  A tengu conjurer (D:15)
  32 merfolk
  3 trolls
  5 polar bears
  A queen bee (Lair:6)
  3 meliai (Lair:6)
  A wolf spider simulacrum (D:14)
  7 wind drakes
  11 blink frogs
  A hornet (Vaults:4)
  23 slime creatures
  20 dream sheep
  12 snapping turtles
  A frost giant simulacrum (Vaults:2)
  A spriggan (Lair:5)
  2 shadows
  A centaur simulacrum (D:15)
  Sigmund (D:2)
  5 wraiths
  10 water elementals
  A fire bat (shapeshifter) (Vaults:1)
  8 wyverns
  A vampire (D:12)
  3 redbacks
  A tarantella (Vaults:3)
  3 fire elementals (D:15)
  6 basilisks
  32 yaks
  5 hogs (Shoals:3)
  A yaktaur simulacrum (Vaults:2)
  2 chaos spawn
  A neqoxec (Orc:2)
  Menkaure (D:4)
  An acid dragon (D:15)
  3 vampire mosquitoes (D:15)
  4 wargs
  2 soldier ants
  34 nagas
  15 water moccasins
  A water moccasin (shapeshifter) (Vaults:1)
  A hell hound (D:15)
  62 orc warriors
  8 ice beasts
  5 sky beasts
  A black bear (shapeshifter) (D:14)
  4 black bears
  3 eyes of draining
  A necrophage (D:9)
  22 wolves
  13 centaurs
  24 ogres
  3 phantoms
  4 big kobolds
  2 elf zombies
  19 bullfrogs
  A wyvern zombie (D:13)
  2 cane toad simulacra (Lair:1)
  9 scorpions
  25 killer bees
  15 wights
  6 electric eels
  5 howler monkeys
  2 bullfrog zombies
  6 centaur zombies
  33 orc priests
  A water moccasin simulacrum (Lair:1)
  4 jellies
  A komodo dragon simulacrum (Lair:1)
  2 wyvern simulacra (Lair:1)
  Crazy Yiuf (D:2)
  5 centaur skeletons
  4 human zombies
  8 hounds
  2 bullfrog skeletons
  6 iguanas
  27 orc wizards
  5 hell rats
  11 worker ants
  A hound zombie (D:7)
  2 hound skeletons
  2 mummies (Ossuary)
  2 worker ant zombies
  12 adders
  A hound simulacrum (D:6)
  A shadow imp (D:8)
  5 white imps
  4 ufetubi
  2 adder zombies
  2 adder skeletons
  2 worms
  A dart slug (D:1)
  4 leopard geckos
  121 orcs
  4 giant cockroaches
  5 goblins
  9 hobgoblins
  10 jackals
  25 kobolds
  5 quokkas
  A ball python (D:4)
  3 bats
  4 frilled lizards
  3 goblin zombies
  7 hobgoblin zombies (Ossuary)
  10 kobold zombies (Ossuary)
  11 orc zombies (Ossuary)
  A quokka zombie (D:8)
  3 rats
  A rat zombie (Ossuary)
1497 creatures vanquished.

Vanquished Creatures (collateral kills)
  A nagaraja (Snake:4)
  A merfolk (Shoals:4)
  2 orc priests (D:11)
4 creatures vanquished.

Vanquished Creatures (others)
  A deep elf sorcerer (Vaults:1)
  A yaktaur captain (Depths:1)
  An ogre mage (Vaults:1)
  2 two-headed ogres
  A naga mage (Snake:4)
  A yaktaur (Depths:1)
  A slime creature (D:12)
  A human (Shoals:3)
  4 ogres
  3 orcs
  19 fungi
  105 plants
140 creatures vanquished.

Grand Total: 1641 creatures vanquished
